 Dungeon Crawl Stone Soup version 0.29-a0-25-g7f48f510a0 (webtiles) character file.

Game seed: 13386795623624688381

0 bromine the Chiller (level 1, -1/14 HPs)
             Began as a Ghoul Ice Elementalist on Jan 31, 2022.
             Slain by a hobgoblin (2 damage)
             ... on level 1 of the Dungeon.
             The game lasted 00:02:34 (239 turns).

bromine the Chiller (Ghoul Ice Elementalist)         Turns: 239, Time: 00:02:35

Health: -1/14      AC:  2    Str: 11    XL:     1   Next: 10%
Magic:  2/2        EV: 12    Int: 10    God:
Gold:   12         SH:  0    Dex:  9    Spells: 2/3 levels left

rFire   . . .      SeeInvis .   (no weapon)
rCold   + . .      Faith    .   (no shield)
rNeg    + + +      Spirit   .   a - +0 robe
rPois   ∞          Reflect  .   (no helmet)
rElec   .          Harm     .   (no cloak)
rCorr   .          Rampage  .   (no gloves)
Will    .....                   (no boots)
Stlth   ++........              (no amulet)
HPRegen 0.00/turn               (no ring)
MPRegen 0.08/turn               (no ring)

@: inhibited regen
A: claws 1, cold resistance 1, negative energy resistance 3, inhibited
regeneration, torment resistance 2
a: no special abilities


You were on level 1 of the Dungeon.
You visited 1 branch of the dungeon, and saw 1 of its levels.

You collected 12 gold pieces.

Inventory:

Armour
 a - a +0 robe (worn)
Scrolls
 b - a scroll of immolation {unknown}


   Skills:
 + Level 1.7 Dodging
 + Level 2.1 Stealth
 + Level 1.7 Spellcasting
 + Level 4.4 Ice Magic


You had 2 spell levels left.
You knew the following spells:

 Your Spells              Type           Power      Damage    Failure   Level
a - Freeze                Ice            36%        1d6       5%          1

Your spell library contained the following spells:

 Spells                   Type           Power      Damage    Failure   Level
 Frozen Ramparts          Ice            18%        1d3       16%         3
 Ozocubu's Armour         Ice            9%         N/A       16%         3
 Hailstorm                Conj/Ice       5%         3d4       78%         4


Dungeon Overview and Level Annotations

Branches:
Dungeon (1/15)

Altars:


Innate Abilities, Weirdness & Mutations

You thrive by killing the living.
You are immune to poison.
You have sharp fingernails.
Your flesh is cold resistant. (rC+)
You are immune to negative energy. (rN+++)
You do not regenerate when monsters are visible.
You are immune to unholy pain and torment.


Message History

There is an open door here.
There is an open door here.
You open the door.
There is an open door here.
Why would you want to do that? Why would you want to do that?
Why would you want to do that?
You open the door.
b - a scroll labelled MITUANT XOLUOCH
There is a fountain of clear blue water here.
There is a large open door here.
You enter the shallow water.
Moving in this stuff is going to be slow.
Found 12 gold pieces.
There is a fountain of clear blue water here.
You now have 12 gold pieces.
You open the door.
There is an open door here.
You open the door.
A rat comes into view.
Found 23 arrows.
A hobgoblin comes into view.
There is an open door here.
Found 10 gold pieces.
The hobgoblin shouts!
You barely miss the rat. The rat misses you.
You completely miss the rat. The rat bites you.
You scratch the rat.
The rat is severely wounded.
The rat completely misses you. The hobgoblin barely misses you.
You scratch the rat.
You kill the rat!
The hobgoblin hits you. The hobgoblin hits you.
You see here a rat corpse.
You closely miss the hobgoblin. The hobgoblin hits you.
* * * LOW HITPOINT WARNING * * *
You scratch the hobgoblin but do no damage.
The hobgoblin hits you.
You die...

.'≈≈≈..⌠.....# ..
.#≈≈≈≈.......# .#..$
'#'#≈≈≈......# ..#..
...'≈≈≈......# ...#.
...'≈≈≈...#'######....#
'#'#≈≈≈...#.#......#####
≈≈≈≈≈≈≈.....'...........
≈≈≈≈≈≈≈....##.........#
≈≈≈≈≈≈≈....##...@.....#
........... #...g.(...#
.........## #.........#
.).......# #.........#
########## #.........#
#######.### .# .#


You could see a hobgoblin.

Vanquished Creatures
  A rat (D:1)
1 creature vanquished.

Notes
Turn   | Place    | Note
-------+----------+-------------------------------------------
     0 | D:1      | bromine the Ghoul Ice Elementalist began the quest for the
                  | Orb.
     0 | D:1      | Reached XP level 1. HP: 14/14 MP: 2/2
   239 | D:1      | Slain by a hobgoblin

Illustrated notes

Levels and vault maps discovered:
D:1:      dpeg_arrival_castle, layout_basic, serial_shops,
          nicolae_shop_statue_plus, chequers_ecumenical_altar_island,
          hangedman_decor_diamond_cutter

Action                   || total
-------------------------++-------
Melee: Unarmed           ||     6
Dodge: Dodged            ||     3

Table legend: (Time is in decaauts)
 A = Elapsed time spent in this place.
 B = Non-inter-level travel time spent in this place.
 C = Inter-level travel time spent in this place.
 D = Time resting spent in this place.
 E = Time spent auto-exploring this place.
 F = Levels seen in this place.
 G = Mean time per level.
                   A        B        C        D        E       F      G
               +--------+--------+--------+--------+--------+-----+--------+
         Total |    240 |    232 |      8 |      0 |      0 |   1 |  240.0 |
       Dungeon |    240 |    232 |      8 |      0 |      0 |   1 |  240.0 |
               +--------+--------+--------+--------+--------+-----+--------+

Top non-repeatable levels by time:
     D:1: 240 daAuts
